 Dungeon Crawl Stone Soup version 0.21.1-1-g345015f (webtiles) character file.

264 garbagetei the Conjurer (level 5, -6/57 HPs)
             Began as a Draconian Conjurer on Feb 23, 2018.
             Killed by divine providence
             ... invoked by an orc priest
              (9 damage)
             ... on level 4 of the Dungeon.
             The game lasted 00:14:00 (4181 turns).

garbagetei the Conjurer (Draconian Conjurer)        Turns: 4181, Time: 00:14:04

Health: -6/57      AC: 22    Str: 10    XL:     5   Next: 98%
Magic:  10/10      EV:  2    Int: 17    God:
Gold:   141        SH:  0    Dex: 11    Spells: 8/11 levels left

rFire    . . .     SeeInvis .   u - +0 war axe (venom)
rCold    . . .     Gourm    .   (no shield)
rNeg     + + +     Faith    .   (armour unavailable)
rPois    +         Spirit   .   (helmet currently unavailable)
rElec    .         Reflect  .   (cloak currently unavailable)
rCorr    .         Harm     .   (gloves currently unavailable)
MR       .....     NoTele   +   (boots currently unavailable)
Stlth    ++........             (no amulet)
HPRegen  0.19/turn              (no ring)
MPRegen  0.12/turn              (no ring)

@: tree-form
A: unfitting armour, AC +5
a: no special abilities


You were on level 4 of the Dungeon.
You were hungry.
You were a tree.
You visited 2 branches of the dungeon, and saw 5 of its levels.

You collected 141 gold pieces.

Inventory:

Hand Weapons
 i - a +0 short sword
 u - a +0 war axe of venom (weapon)
Armour
 f - a +0 pair of gloves (melded)
 k - a +0 cloak (melded)
Jewellery
 w - a +4 ring of dexterity {unknown}
Scrolls
 c - a scroll of fear {unknown}
 e - a scroll of blinking {unknown}
 h - a scroll of enchant weapon {unknown}
 j - 2 scrolls of magic mapping {unknown}
 l - 3 scrolls of remove curse {unknown}
 m - a scroll of enchant armour {unknown}
 n - a scroll of random uselessness {unknown}
 o - 2 scrolls of identify {unknown}
 s - 3 scrolls of teleportation {unknown}
Potions
 d - a potion of ambrosia {unknown}
 g - a potion of curing {unknown}
 p - 2 potions of haste {unknown}
 q - a potion of flight
 r - a potion of lignification
 t - a potion of invisibility
 x - 2 potions of brilliance {unknown}
Books
 a - a book of Conjurations

   Spells                             Type                      Level
   a - Magic Dart                     Conjuration                  1
   b - Searing Ray                    Conjuration                  2
   c - Dazzling Spray                 Conjuration/Hexes            3
   d - Fulminant Prism                Conjuration/Hexes            4
   e - Force Lance                    Conjuration/Translocation    4
   f - Iskenderun's Mystic Blast      Conjuration                  4
Comestibles
 b - 7 rations


   Skills:
 - Level 1.7 Dodging
 - Level 1.7 Stealth
 + Level 3.6 Spellcasting
 * Level 6.3 Conjurations


You had 8 spell levels left.
You knew the following spells:

 Your Spells              Type           Power        Failure   Level  Hunger
a - Magic Dart            Conj           ###.         1%          1    None
b - Searing Ray           Conj           ###...       1%          2    ##.....


Dungeon Overview and Level Annotations

Branches:
Dungeon (4/15)             Temple (1/1) D:4

Altars:
Cheibriados
Elyvilon
Gozag
Nemelex Xobeh
Qazlal
Trog
Uskayaw
Xom
Yredelemnul
Zin
The Shining One


Innate Abilities, Weirdness & Mutations

((Your plain brown scales are hard. (AC +5)))
You cannot fit into any form of body armour.
((You are cold-blooded and may be slowed by cold attacks.))


Message History

The orc priest is poisoned.
You barely miss the orc.
The orc wizard looks more healthy.
The orc wizard curses repeatedly.
The orc wizard gestures wildly while chanting.
The orc wizard blinks!
The orc priest hits you with a flail.
* * * LOW HITPOINT WARNING * * *
The orc barely misses you. The orc closely misses you.
It was a potion of flight.
You feel very buoyant.
You fly up into the air.
The orc barely misses you.
The orc priest begins to cast a cantrip, but forgets the words!
The orc hits you with a hand axe.
* * * LOW HITPOINT WARNING * * *
It was a potion of lignification.
You turn into a tree.
Your +0 cloak melds into your body.
Your +0 pair of gloves melds into your body.
Your roots penetrate the ground.
The orc completely misses you.
The orc priest calls down the wrath of Beogh upon you.
Beogh smites you!
You die...

##### #+#####+##....#
...............
...............
...............
#.......#
##########)......#
#.......#o.......#
#.......♣oo......##
#.......#o.........
#.......#..........
#.......#..........
#.......#.......... .#
#...†...#.........# .
#.##....###.......# #
####.##....###.......#
#
#.........(..#.......#


You could see an orc priest, an orc wizard and 2 orcs.

Vanquished Creatures
  An ogre (D:4)
  2 orc wizards (D:3)
  An iguana (D:3)
  5 adders
  An ooze (D:4)
  A leopard gecko (D:3)
  5 orcs
  5 ball pythons
  6 bats
  A giant cockroach (D:2)
  6 goblins
  2 hobgoblins
  4 kobolds
  A frilled lizard (D:4)
  A quokka skeleton (D:4)
  4 rats (D:2)
46 creatures vanquished.

Notes
Turn   | Place    | Note
-------+----------+-------------------------------------------
     0 | D:1      | garbagetei the Draconian Conjurer began the quest for the Orb.
     0 | D:1      | Reached XP level 1. HP: 14/14 MP: 3/3
     6 | D:1      | Noticed a basilisk
     6 | D:1      | Noticed a soldier ant
     7 | D:1      | Noticed a centaur warrior
  1785 | D:2      | Reached XP level 2. HP: 20/20 MP: 3/5
  1964 | D:2      | Learned a level 2 spell: Searing Ray
  1978 | D:2      | Reached XP level 3. HP: 25/26 MP: 3/6
  2435 | D:2      | Reached skill level 5 in Conjurations
  2442 | D:2      | Found a glowing silver altar of Zin.
  2781 | D:3      | Reached XP level 4. HP: 33/33 MP: 8/8
  3269 | D:3      | Reached XP level 5. HP: 17/38 MP: 9/9
  3686 | D:4      | Found a sparkling altar of Nemelex Xobeh.
  3712 | D:4      | Noticed an ogre
  3719 | D:4      | Killed an ogre
  3719 | D:4      | Reached skill level 6 in Conjurations
  3960 | D:4      | Found a staircase to the Ecumenical Temple.
  4013 | Temple   | Entered the Ecumenical Temple
  4181 | D:4      | Killed from afar by an orc priest

Skill      XL: |  1  2  3  4  5 |
---------------+----------------+-----
Conjurations   | 5 6 |  6.3
Spellcasting   | 3 |  3.6
Dodging        | |  1.7
Stealth        | |  1.7

Action                   |  1- 3 |  4- 6 || total
-------------------------+-------+-------++-------
Melee: Short sword       |    63 |    17 ||    80
       Unarmed           |     3 |       ||     3
       Tailslap          |     2 |     5 ||     7
       War axe           |       |    34 ||    34
 Cast: Magic Dart        |    36 |    14 ||    50
       Searing Ray       |       |     5 ||     5
  Use: Potion            |       |     2 ||     2
 Stab: Sleeping          |       |     1 ||     1
  Eat: Chunk             |     6 |     4 ||    10
Armor: Skin              |    42 |    23 ||    65
Dodge: Dodged            |    60 |    38 ||    98
